 Dungeon Crawl Stone Soup version 0.23-a0-108-gf7ee2ed (webtiles) character file.

2653 CanOfBees the Summoner (level 9, -6/55 HPs)
             Began as a Tengu Summoner on Aug 21, 2018.
             Was a Believer of Sif Muna.
             Mangled by a wyvern (12 damage)
             ... on level 7 of the Dungeon.
             The game lasted 00:35:03 (13856 turns).

CanOfBees the Summoner (Tengu Summoner)            Turns: 13856, Time: 00:35:04

Health: -6/55      AC:  5    Str:  8    XL:     9   Next: 62%
Magic:  3/18       EV: 11    Int: 20    God:    Sif Muna [**....]
Gold:   242        SH:  0    Dex: 14    Spells: 5/19 levels left

rFire    + . .     SeeInvis .   w - +0 halberd
rCold    . . .     Gourm    .   (shield currently unavailable)
rNeg     . . .     Faith    .   a - +1 robe
rPois    .         Spirit   .   (helmet restricted)
rElec    .         Reflect  .   (no cloak)
rCorr    .         Harm     .   C - +1 pair of gloves
MR       .....                  (boots unavailable)
Stlth    ++........             L - amulet of the acrobat
HPRegen  0.18/turn              q - ring of stealth
MPRegen  0.16/turn              z - ring of protection from fire

@: very slightly contaminated, heavily drained
A: beak, talons 3, able to fly 1
a: Fly, Divine Energy, Renounce Religion


You were on level 7 of the Dungeon.
You worshipped Sif Muna.
Sif Muna was pleased with you.
You were hungry.

You visited 2 branches of the dungeon, and saw 9 of its levels.

You collected 242 gold pieces.

Inventory:

Hand Weapons
 b - a +0 whip
 m - a +0 dagger of venom
 w - a +0 halberd (weapon)
 x - a +0 short sword of protection
 E - a +0 dagger of holy wrath
Missiles
 e - 38 poisoned needles
 g - 271 stones (quivered)
 h - 168 arrows
 o - 95 sling bullets
 t - 5 javelins
Armour
 a - a +1 robe (worn)
 y - a +0 ring mail
 C - a +1 pair of gloves (worn)
Jewellery
 q - a ring of stealth (left hand)
 z - a ring of protection from fire (right hand)
 L - an amulet of the acrobat (around neck)
Wands
 f - a wand of digging (10)
 G - a wand of disintegration (15)
 I - a wand of random effects (22)
Scrolls
 d - a scroll of immolation
 n - a scroll of teleportation
 p - a scroll of holy word {unknown}
 A - a scroll of enchant armour
 H - a scroll of enchant weapon {unknown}
 K - a scroll of noise {unknown}
Potions
 i - 2 potions of magic
 j - a potion of ambrosia {unknown}
 k - 3 potions of brilliance
 r - a potion of degeneration {unknown}
 u - 2 potions of flight
 B - a potion of lignification {unknown}
 J - a potion of resistance {unknown}
Comestibles
 c - 19 rations
 l - 2 chunks of flesh


   Skills:
 + Level 5.8(4.1) Fighting
 - Level 4.0(2.4) Polearms
 - Level 2.1(0.6) Dodging
 - Level 2.0(0.4) Stealth
 + Level 5.8(4.1) Spellcasting
 + Level 8.8(7.0) Summonings
 - Level 6.0(4.3) Air Magic
 + Level 3.3(1.7) Invocations


You had 5 spell levels left.
You knew the following spells:

 Your Spells              Type           Power        Failure   Level  Hunger
a - Summon Small Mammal   Summ           ####         1%          1    None
b - Call Imp              Summ           ####....     1%          2    #......
c - Call Canine Familiar  Summ           ####....     2%          3    ###....
d - Summon Lightning Spi  Summ/Air       ####....     12%         4    ####...
e - Summon Ice Beast      Ice/Summ       ###.....     30%         4    ####...

Your spell library contained the following spells:

 Spells                   Type           Power        Failure   Level  Hunger
 Summon Guardian Golem    Hex/Summ       ###.....     9%          3    ###....


Dungeon Overview and Level Annotations

Branches:
Dungeon (8/15)             Temple (1/1) D:6
   Lair: D:8-11

Altars:
Ashenzari
Cheibriados
Dithmenos
Elyvilon
Gozag
Hepliaklqana
Kikubaaqudgha
Makhleb
Nemelex Xobeh
Okawaru
Qazlal
Ru
Sif Muna
Trog
Uskayaw
Vehumet
Wu Jian
Xom
Yredelemnul
Zin
The Shining One

Shops:
D:4 :

Annotations:
D:4 1 runed door
D:5 Edmund
D:7 3 runed doors, exclusion: 2 doors, topirishpotato's ghost, novice DrCj
D:8 Pikel


Innate Abilities, Weirdness & Mutations

You have a beak for a mouth.
You have claws for feet.
You can fly.


Message History

You swap places.
Your hound bites the wyvern but does no damage.
The wyvern closely misses your crimson imp.
Your crimson imp closely misses the wyvern.
Your crimson imp barely misses the wyvern.
Attack whom?
Press: ? - help, Dir - move target cursor, f/p - wyvern
Aim: a wyvern (moderately wounded)
You could not reach far enough!
Your hound closely misses the wyvern.
The wyvern barely misses your crimson imp.
Your hound bites the wyvern.
The wyvern bites your crimson imp!
Your crimson imp dies!
Your crimson imp barely misses the wyvern.
Attack whom?
Press: ? - help, Dir - move target cursor, f/p - wyvern
Aim: a wyvern (heavily wounded)
You reach to attack!
You closely miss the wyvern.
The wyvern is heavily wounded.
Your hound bites the wyvern.
The wyvern bites you!
You die...

..# ..#
..###################
...........)>.hl.[..#
..################.##
..######## #[#
......[..# ###h##
.........# #.l.5#
.........# #@####
.........# #.#
.........# #.#
.........# #.#
.........# #.#
.........# #.#
########## #.#
##########.#
#...h...##)#


You could see a wyvern, a friendly hound and a friendly crimson imp.

Vanquished Creatures
  Grinder (D:4)
  A spriggan (D:7)
  An ice beast (D:4)
  2 necrophages (D:7)
  2 ogres (D:5)
  A bullfrog (D:6)
  A wyvern skeleton (D:6)
  A centaur skeleton (D:8)
  2 hounds
  An orc wizard (D:7)
  A bullfrog skeleton (D:7)
  3 iguanas
  A worker ant (D:7)
  A gnoll (D:4)
  A howler monkey skeleton (D:7)
  3 adders
  A shadow imp (D:7)
  An ooze (D:6)
  2 leopard geckos (D:7)
  7 orcs
  A goblin (D:1)
  A hobgoblin (D:1)
  8 jackals
  A quokka (D:5)
  A bat (D:3)
  4 frilled lizards (D:2)
  3 rats
53 creatures vanquished.

Vanquished Creatures (collateral kills)
  Menkaure (D:6)
  An orc warrior (D:7)
  3 necrophages (D:7)
  2 ice beasts
  A centaur (D:7)
  4 ogres
  A gnoll sergeant (D:7)
  3 bullfrogs
  2 scorpions (D:7)
  8 wights
  A howler monkey (D:4)
  A bullfrog zombie (D:7)
  A crimson imp (D:7)
  3 orc priests (D:5)
  2 hounds
  A jelly (D:7)
  2 bullfrog skeletons
  7 orc wizards
  2 iguanas
  Ijyb (D:4)
  8 worker ants
  A killer bee zombie (D:7)
  2 hound skeletons
  9 adders
  6 gnolls
  A shadow imp (D:6)
  2 oozes (D:3)
  An adder skeleton (D:7)
  A worm (D:5)
  3 dart slugs
  5 leopard geckos
  21 orcs
  5 giant cockroaches
  7 hobgoblins
  6 jackals
  3 quokkas
  A bat (D:1)
  12 frilled lizards
  12 goblins
  7 kobolds
  8 rats
168 creatures vanquished.

Vanquished Creatures (others)
  3 fungi (D:7)
  A plant (D:7)
4 creatures vanquished.

Grand Total: 225 creatures vanquished

Notes
Turn   | Place    | Note
-------+----------+-------------------------------------------
     0 | D:1      | CanOfBees the Tengu Summoner began the quest for the Orb.
     0 | D:1      | Reached XP level 1. HP: 10/10 MP: 4/4
   213 | D:1      | Reached skill level 5 in Summonings
   213 | D:1      | Reached XP level 2. HP: 16/16 MP: 1/6
   226 | D:1      | Reached skill level 1 in Fighting
   277 | D:1      | Learned a level 2 spell: Call Imp
   888 | D:1      | Reached XP level 3. HP: 20/20 MP: 4/7
   959 | D:1      | Learned a level 3 spell: Call Canine Familiar
  1467 | D:2      | Found a radiant altar of Vehumet.
  1959 | D:2      | Reached XP level 4. HP: 16/26 MP: 2/9
  2685 | D:3      | Learned a level 3 spell: Call Canine Familiar
  2723 | D:3      | Found a hide-covered altar of Uskayaw.
  3349 | D:3      | Found a faded altar of an unknown god.
  3844 | D:4      | Reached skill level 1 in Polearms
  3875 | D:4      | Gained mutation: You can fly. [Tengu growth]
  3875 | D:4      | Reached XP level 5. HP: 21/30 MP: 2/10
  4091 | D:4      | Reached skill level 6 in Summonings
  4449 | D:4      | Found Jetyfi's Book Shop.
  4472 | D:4      | Learned a level 4 spell: Summon Lightning Spire
  4497 | D:4      | Reached XP level 6. HP: 36/36 MP: 6/11
  4612 | D:4      | Noticed Ijyb
  4631 | D:4      | Paralysed by Ijyb for 4 turns
  4638 | D:4      | Killed Ijyb
  4782 | D:4      | Reached skill level 1 in Air Magic
  5144 | D:4      | Found a runed door.
  5193 | D:5      | Entered Level 5 of the Dungeon
  5577 | D:5      | Noticed Edmund
  5752 | D:5      | Reached XP level 7. HP: 40/41 MP: 4/13
  5965 | D:4      | Noticed Grinder
  5968 | D:4      | Paralysed by Grinder for 3 turns
  5979 | D:4      | Killed Grinder
  6726 | D:5      | Reached skill level 7 in Summonings
  7228 | D:5      | Reached XP level 8. HP: 33/48 MP: 7/15
  7426 | D:5      | Found an ancient bone altar of Kikubaaqudgha.
  8025 | D:6      | Noticed Menkaure
  8031 | D:6      | Killed Menkaure
  8265 | D:6      | Found a staircase to the Ecumenical Temple.
  8326 | Temple   | Entered the Ecumenical Temple
  8421 | Temple   | Became a worshipper of Sif Muna the Loreminder
  9583 | D:6      | Reached skill level 1 in Invocations
 10118 | D:7      | Reached skill level 5 in Air Magic
 10167 | D:7      | Reached skill level 5 in Spellcasting
 10176 | D:7      | Reached skill level 8 in Summonings
 10442 | D:7      | Learned a level 4 spell: Summon Ice Beast
 10450 | D:7      | Reached XP level 9. HP: 53/53 MP: 12/17
 10790 | D:7      | Reached skill level 5 in Fighting
 10929 | D:7      | Reached * piety under Sif Muna
 11059 | D:7      | Found a runed gate.
 11060 | D:7      | Found a runed gate.
 11060 | D:7      | Found a runed gate.
 11319 | D:7      | Found a hazy altar of Hepliaklqana.
 11478 | D:7      | Found a hazy altar of Hepliaklqana.
 12193 | D:7      | Noticed topirishpotato's ghost (novice DrCj)
 12355 | D:8      | Noticed a two-headed ogre
 12944 | D:8      | Noticed Pikel
 13834 | D:8      | Reached ** piety under Sif Muna
 13856 | D:7      | Mangled by a wyvern

Vault maps used:
D:1:      dpeg_chamrin_arrival_tetris
D:2:      vehumet_crystals, hex_large, minmay_lizard_king
D:3:      old_standard_altar, chequers_ecumenical_altar_twisty, minivault_5,
          grunt_ministairs_6, minmay_bisected
D:4:      first_ration, serial_shops, shop, uniq_crazy_yiuf_cottage, uniq_ijyb,
          uniq_grinder
D:5:      lemuel_coloured_pillars_altar, kennysheep_generic_room_15, uniq_edmund
D:6:      temple_fountains, eino_curves_04, uniq_menkaure
D:7:      cheibrodos_two_vegetables, lemuel_doored_altar, basic_altar,
          gammafunk_ghost_nasty_kobolds, serial_undead, serial_undead_e,
          serial_undead_c, serial_undead_c, serial_undead_e, the_bakery
D:8:      old_standard_altar, enter_bailey_3, basic_altar, uniq_gastronok,
          uniq_pikel, uniq_psyche
Temple:   minmay_temple_bridge_d

Skill      XL: |  1  2  3  4  5  6  7  8  9 |
---------------+----------------------------+-----
Summonings     | 5 6 7 8 |  8.8
Fighting       | 1 2 3 4 5 |  5.8
Polearms       | 1 2 3 4 |  4.0
Spellcasting   | 3 4 5 |  5.8
Air Magic      | 1 3 5 6 |  6.0
Invocations    | 2 3 |  3.3
Dodging        | |  2.1
Stealth        | |  2.0

Action                   |  1- 3 |  4- 6 |  7- 9 || total
-------------------------+-------+-------+-------++-------
Melee: Whip              |    14 |    27 |       ||    41
       Peck              |     4 |     9 |    15 ||    28
       Kick              |     2 |    14 |    26 ||    42
       Spear             |       |    19 |       ||    19
       Halberd           |       |    36 |   187 ||   223
 Cast: Summon Small Mamm |    17 |       |       ||    17
       Call Imp          |    23 |    37 |    65 ||   125
       Call Canine Famil |     9 |    18 |    41 ||    68
       Summon Lightning  |       |       |    13 ||    13
       Summon Ice Beast  |       |       |    16 ||    16
 Abil: Fly               |       |       |     3 ||     3
Evoke: Wand              |       |       |     1 ||     1
  Use: Scroll            |       |     8 |     9 ||    17
       Potion            |       |       |     8 ||     8
 Stab: Sleeping          |     1 |     1 |     5 ||     7
       Distracted        |       |     2 |     2 ||     4
  Eat: Chunk             |     5 |    16 |    21 ||    42
       Ration            |       |       |     4 ||     4
Armor: Robe              |     4 |    22 |    43 ||    69
Dodge: Dodged            |    27 |    77 |   147 ||   251

Table legend:
 A = Non-vault XP
 B = Vault XP
 C = Vault XP percentage of total XP
 D = Non-vault monster count
 E = Vault monster count
 F = Vault count percentage of total count
                 A         B        C        D         E       F
            +---------+---------+-------+---------+---------+-------
      Total |    2861 |     930 |  24.5 |     190 |      31 |  14.0
            +---------+---------+-------+---------+---------+-------
        D:1 |      38 |       0 |   0.0 |      28 |       0 |   0.0
        D:2 |      46 |      12 |  20.7 |      14 |      11 |  44.0
        D:3 |      43 |       7 |  14.0 |      20 |       7 |  25.9
        D:4 |     360 |     244 |  40.4 |      27 |       2 |   6.9
        D:5 |     585 |       2 |   0.3 |      35 |       1 |   2.8
        D:6 |     591 |      86 |  12.7 |      19 |       1 |   5.0
        D:7 |    1032 |     578 |  35.9 |      40 |       8 |  16.7
        D:8 |     166 |       1 |   0.6 |       7 |       1 |  12.5
            +---------+---------+-------+---------+---------+-------
